cohdb
Replays
Latest Replays
All Replays
Popular Replays
Top Player Replays
Match Explorer
How It Works
Community
CoH3 Stats
Reddit
Sign in to upload your games and track your stats! →
Sign in with Steam
Match 24870084
Unlisted
Match 24870084
Overview
Messages
Build Orders
End
Construct Barracks
Selects Armored Battlegroup
Selects Veteran Crews
Riflemen Squad
Engineer Squad
Riflemen Squad
Infantry Support Center
Riflemen Squad
Selects Strength in Steel
Construct Motor Pool
M1 Mortar Team
M8 Greyhound Armored Car
Construct Medical Station
M1918 Browning Automatic Rifles
Grenade Package
M1 Anti-tank Gun Team
Selects M8 Scott SPG
M8 Scott SPG
M24 Chaffee Light Tank
AMIGO
Wrathment
0
0
Comments
sign in to comment!
No comments posted yet!